 Dungeon Crawl Stone Soup version 0.21-a0-39-g28ea6b7 (webtiles) character file.

879 HarryHood the Cudgeler (level 8, -1/51 HPs)
             Began as a Gargoyle Berserker on June 2, 2017.
             Was a Priest of Trog.
             Slain by a worker ant (3 damage)
             ... on level 4 of the Dungeon.
             The game lasted 00:18:45 (3815 turns).

HarryHood the Cudgeler (Gargoyle Berserker)         Turns: 3815, Time: 00:18:45

Health: -1/51      AC: 26    Str: 21    XL:     8   Next: 4%
Magic:  8/8        EV:  8    Int:  9    God:    Trog [***...]
Gold:   172        SH:  0    Dex: 10    Spells: 7/7 levels left

rFire    . . .     SeeInvis .   a - +2 flail (protect)
rCold    . . .     Gourm    .   (no shield)
rNeg     + . .     Faith    .   d - +0 chain mail
rPois    ∞         Spirit   .   p - +0 helmet
rElec    +         Reflect  .   m - +2 cloak
rCorr    .         Harm     .   (no gloves)
MR       .....                  (no boots)
Stlth    ..........             (no amulet)
Regen    0.2/turn               (no ring)
MPRegen  0.2/turn               (no ring)

@: protection aura
A: negative energy resistance 1, electricity resistance, unbreathing,
petrification resistance, rot immunity, AC +5
a: Berserk, Trog's Hand, Burn Spellbooks, Renounce Religion


You were on level 4 of the Dungeon.
You worshipped Trog.
Trog was most pleased with you.
You were not hungry.

You visited 1 branch of the dungeon, and saw 4 of its levels.

You collected 172 gold pieces.

Inventory:

Hand Weapons
 a - a +2 flail of protection (weapon)
 b - a +0 hunting sling
Missiles
 h - 42 sling bullets
Armour
 d - a +0 chain mail (worn)
 m - a +2 cloak (worn)
 p - a +0 helmet (worn)
Scrolls
 f - 4 scrolls of blinking {@r7}
Potions
 e - a potion of mutation {!q}
 g - a potion of heal wounds {unknown}
 i - 3 potions of magic
 k - a potion of agility
 l - a potion of curing {@q2}
 o - 2 potions of might {unknown}
Comestibles
 c - 4 bread rations {@e1}
 j - a meat ration {@e1}
 n - 2 royal jellies {@e3}
 q - 27 chunks of flesh


   Skills:
 - Level 6.1 Fighting
 - Level 6.7 Maces & Flails
 * Level 5.2 Armour
 - Level 1.5 Dodging


You had 7 spell levels left.
You didn't know any spells.

Dungeon Overview and Level Annotations

Branches:
Dungeon (4/15)
 Temple: D:4-7

Altars:
Sif Muna
The Shining One


Innate Abilities, Weirdness & Mutations

You are resistant to torment.
Your stone body is resilient. (AC +5)
You are immune to poison.
You resist negative energy. (rN+)
You are resistant to electric shocks. (rElec)
You can survive without breathing.
You are immune to petrification.
You are immune to rotting.


Message History

You closely miss the howler monkey. The howler monkey closely misses you.
You sock the howler monkey!
Your weapon exudes an aura of protection.
The howler monkey barely misses you.
You barely miss the howler monkey. The howler monkey barely misses you.
You closely miss the howler monkey.
The howler monkey hits you but does no damage. x2
You hit the howler monkey but do no damage.
The howler monkey hits you but does no damage.
You barely miss the howler monkey. The howler monkey hits you.
* * * LOW HITPOINT WARNING * * *
You take 3 damage, and have 2/51 hp.
You thump the howler monkey!
You kill the howler monkey!
Trog accepts your kill.
Your Armour skill increases to level 5!
You hit the worker ant.
The worker ant bites you but does no damage. x2
You hit the worker ant. The worker ant bites you.
You die...

▒▒▒▒▒▒ .▒.....▒▒ ▒.
........▒▒ ▒.. .........▒
..a▒ .........▒ ▒.▒.▒ ▒▒.
.........▒ ▒..... ...
........<▒▒...... .▒▒.
........a▒......<.. ....
.......@▒.......... ▒▒▒▒
.▒.....▒▒..▒.......
▒▒▒▒▒▒▒▒...>...... ▒
.................( ........
.....▒...▒........
▒.▒)........................
▒.▒.....▒▒...h.▒▒..▒)▒▒▒▒▒
▒.▒....▒▒ .....▒▒).))▒
....▒...▒ ..........▒▒


You could see a worker ant.

Vanquished Creatures
  Grinder (D:4)
  2 ogres (D:4)
  The ghost of Munq the Chopper, an amateur DsBe of Trog (D:3)
  A howler monkey (D:4)
  A hound (D:4)
  2 orc wizards (D:4)
  Crazy Yiuf (D:2)
  Jessica (D:3)
  Ijyb (D:3)
  2 worker ants (D:4)
  Robin (D:4)
  5 adders
  4 worms
  3 dart slugs
  2 leopard geckos
  13 orcs
  2 ball pythons (D:3)
  4 giant cockroaches
  10 hobgoblins
  15 jackals
  5 kobolds
  A quokka (D:4)
  8 bats
  10 frilled lizards
  15 goblins
  4 rats
115 creatures vanquished.

Notes
Turn   | Place    | Note
-------+----------+-------------------------------------------
     0 | D:1      | HarryHood the Gargoyle Berserker began the quest for the Orb.
     0 | D:1      | Reached XP level 1. HP: 14/14 MP: 1/1
   111 | D:1      | Reached XP level 2. HP: 17/20 MP: 2/2
   254 | D:1      | Reached skill level 4 in Fighting
   898 | D:2      | Reached ** piety under Trog
   914 | D:2      | Reached XP level 3. HP: 18/24 MP: 3/3
  1001 | D:2      | Reached skill level 5 in Fighting
  1012 | D:2      | Reached XP level 4. HP: 5/31 MP: 4/4
  1633 | D:2      | Found a runed door.
  1933 | D:2      | Noticed Crazy Yiuf
  1935 | D:2      | Paralysed by Crazy Yiuf for 4 turns
  1945 | D:2      | Killed Crazy Yiuf
  1945 | D:2      | Reached skill level 6 in Fighting
  1945 | D:2      | Reached XP level 5. HP: 16/36 MP: 3/5
  2159 | D:3      | Noticed Jessica
  2165 | D:3      | Killed Jessica
  2307 | D:3      | Found a glowing golden altar of the Shining One.
  2349 | D:3      | Noticed Munq's ghost (amateur DsBe)
  2365 | D:3      | Killed Munq's ghost
  2365 | D:3      | Reached skill level 4 in Maces & Flails
  2365 | D:3      | Reached XP level 6. HP: 14/41 MP: 6/6
  2745 | D:3      | Noticed Ijyb
  2750 | D:3      | Killed Ijyb
  2750 | D:3      | Reached skill level 5 in Maces & Flails
  2891 | D:3      | Reached *** piety under Trog
  3193 | D:4      | Noticed Grinder
  3200 | D:4      | Paralysed by Grinder for 5 turns
  3208 | D:4      | Paralysed by Grinder for 2 turns
  3239 | D:4      | Paralysed by Grinder for 4 turns
  3250 | D:4      | Killed Grinder
  3250 | D:4      | Reached skill level 6 in Maces & Flails
  3250 | D:4      | Reached XP level 7. HP: 13/46 MP: 7/7
  3593 | D:4      | Reached skill level 3 in Armour
  3604 | D:4      | Found a deep blue altar of Sif Muna.
  3626 | D:4      | Noticed Robin
  3666 | D:4      | Killed Robin
  3719 | D:4      | Reached skill level 4 in Armour
  3785 | D:4      | HP: 2/46 [ogre/giant club (15)]
  3787 | D:4      | Reached XP level 8. HP: 1/51 MP: 8/8
  3812 | D:4      | HP: 2/51 [howler monkey (4)]
  3813 | D:4      | Reached skill level 5 in Armour
  3815 | D:4      | Slain by a worker ant

Vault maps used:
D:1:      dpeg_arrival_tiny_k
D:2:      nicolae_overflow_hidden_temple, uniq_crazy_yiuf_cottage, uniq_natasha
D:3:      nicolae_tso_carved_into_rock, first_bread, uniq_ijyb, uniq_jessica
D:4:      marbit_many_paths, minitemple, lemuel_statue_altar, uniq_robin,
          uniq_grinder

Skill      XL: |  1  2  3  4  5  6  7  8 |
---------------+-------------------------+-----
Fighting       | 4 5 6 |  6.1
Maces & Flails | 4 6 |  6.7
Armour         | 4 5 |  5.2
Dodging        | |  1.5

Action                   |  1- 3 |  4- 6 |  7- 9 || total
-------------------------+-------+-------+-------++-------
Melee: Mace              |    88 |    94 |       ||   182
       Flail             |       |   136 |    91 ||   227
Invok: Berserk           |     1 |     1 |     1 ||     3
  Use: Scroll            |     3 |     6 |       ||     9
  Eat: Chunk             |     1 |     8 |     4 ||    13
Armor: Animal skin       |     9 |       |       ||     9
       Ring mail         |    38 |    91 |       ||   129
       Chain mail        |       |    33 |    54 ||    87
Dodge: Dodged            |    46 |   146 |    35 ||   227
